 Dungeon Crawl Stone Soup version 0.26.1-2-gb8aa6d0cf2 (webtiles) character file.

Game seed: 15293289353309014885

699 Groucho the Covert (level 7, -5/27 (32) HPs)
             Began as a Spriggan Enchanter on Feb 24, 2021.
             Slain by Grinder (9 damage)
             ... on level 5 of the Dungeon.
             The game lasted 00:12:13 (11372 turns).

Groucho the Covert (Spriggan Enchanter)            Turns: 11372, Time: 00:12:13

HP:   -5/27 (32)    AC:  2    Str:  6    XL:     7   Next: 38%
MP:   13/14         EV: 18    Int: 17    God:
Gold: 152           SH:  0    Dex: 16    Spells: 8/14 levels left

rFire    . . .     SeeInvis +   a - +1 dagger
rCold    . . .     Faith    .   (shield restricted)
rNeg     . . .     Spirit   .   b - +0 robe
rPois    .         Reflect  .   (helmet restricted)
rElec    .         Harm     .   (no cloak)
rCorr    .         Rampage  .   (gloves unavailable)
Will     +....                  (boots unavailable)
Stlth    +++++.....             (no amulet)
HPRegen  0.09/turn              (no ring)
MPRegen  0.14/turn              (no ring)

@: heavily drained, very quick
A: very small, unfitting armour, see invisible, speed 3
a: no special abilities


You were on level 5 of the Dungeon.
You visited 1 branch of the dungeon, and saw 5 of its levels.

You collected 152 gold pieces.

Inventory:

Hand Weapons
 a - a +1 dagger (weapon)
Armour
 b - a +0 robe (worn)
Jewellery
 q - a cursed -4 ring of strength {unknown}
Scrolls
 c - 5 scrolls of remove curse {unknown}
 d - 7 scrolls of identify {unknown}
 f - a scroll of blinking {unknown}
 h - 3 scrolls of teleportation {unknown}
 k - a scroll of amnesia {unknown}
 l - a scroll of random uselessness {unknown}
 o - a scroll of immolation {unknown}
 p - a scroll of noise {unknown}
 s - a scroll of fog {unknown}
Potions
 e - a potion of flight {unknown}
 g - 2 potions of curing
 i - 3 potions of might {unknown}
 j - a potion of brilliance {unknown}
 m - a potion of mutation {unknown}
 n - 2 potions of lignification {unknown}
 r - a potion of heal wounds {unknown}


   Skills:
 - Level 1.1 Short Blades
 - Level 3.0 Dodging
 * Level 11.6 Stealth
 + Level 4.2 Spellcasting
 + Level 4.9 Hexes


You had 8 spell levels left.
You knew the following spells:

 Your Spells              Type           Power        Failure   Level
a - Corona                Hex            22%          1%          1
b - Ensorcelled Hibernat  Hex/Ice        24%          9%          2
c - Confusing Touch       Hex            20%          6%          3

Your spell library contained the following spells:

 Spells                   Type           Power        Failure   Level
 Tukima's Dance           Hex            20%          6%          3
 Dazzling Flash           Conj/Hex       24%          17%         3


Dungeon Overview and Level Annotations

Branches:
Dungeon (5/15)
 Temple: D:4-7

Altars:
Gozag
Sif Muna
Yredelemnul

Annotations:
D:5 Grinder


Innate Abilities, Weirdness & Mutations

You are very small and have problems with some larger weapons.
You are too small for most types of armour.
You have supernaturally acute eyesight. (SInv)
You cover ground extremely quickly.


Message History

Grinder completely misses you.
You catch the helpless Grinder completely off-guard!
You impale Grinder!!
Grinder is heavily wounded.
Grinder closely misses you.
You hit Grinder.
Grinder is heavily wounded.
Unknown command.
You hit Grinder but do no damage.
Grinder is heavily wounded.
Unknown command.
You barely miss Grinder.
Grinder is heavily wounded.
Grinder hits you.
You writhe in agony.
* * * LOW HITPOINT WARNING * * *
Found a barding.
You hit Grinder but do no damage.
Grinder is heavily wounded.
Grinder hits you!
You die...

......(.........
#.........>....
##............#
.##<............###
.............#..>$
###..(.......##.#
##.......<.....#
#..............######.#
....##..#.......@......#
........#........5.....#
...#..#.#..#...........[
...#..#...##...........#
..#...######....)......#
##...##.###...........
..........##......
...#.#..#.# ...... #
###### ..


You could see Grinder (confused).

Vanquished Creatures
  Sigmund (D:4)
  Menkaure (D:4)
  An ogre (D:4)
  Blork the orc (D:4)
  A hound (D:5)
  An iguana (D:3)
  A worker ant (D:4)
  3 gnolls (D:4)
  6 adders
  An ooze (D:2)
  4 worms
  A dart slug (D:2)
  4 leopard geckos
  4 orcs
  3 ball pythons
  3 giant cockroaches
  9 goblins
  4 hobgoblins
  4 jackals
  3 kobolds
  3 quokkas
  8 bats
  8 frilled lizards
  2 leopard gecko skeletons (D:4)
  A leopard gecko zombie (D:4)
  A quokka skeleton (D:4)
  5 rats
  A spectral orc (D:4)
85 creatures vanquished.

Vanquished Creatures (others)
  A plant (D:1)
1 creature vanquished.

Grand Total: 86 creatures vanquished

Notes
Turn   | Place    | Note
-------+----------+-------------------------------------------
     0 | D:1      | Groucho the Spriggan Enchanter began the quest for the Orb.
     0 | D:1      | Reached XP level 1. HP: 9/9 MP: 5/5
   733 | D:1      | Reached skill level 5 in Stealth
   884 | D:1      | Reached XP level 2. HP: 11/13 MP: 6/6
  1865 | D:2      | Reached skill level 6 in Stealth
  2442 | D:2      | Reached XP level 3. HP: 16/16 MP: 8/8
  2445 | D:2      | Learned a level 2 spell: Ensorcelled Hibernation
  2449 | D:2      | Learned a level 3 spell: Confusing Touch
  2614 | D:2      | Reached skill level 7 in Stealth
  3503 | D:2      | Reached XP level 4. HP: 21/21 MP: 4/9
  5342 | D:2      | Reached skill level 8 in Stealth
  6535 | D:3      | Reached XP level 5. HP: 24/24 MP: 2/10
  6993 | D:3      | Reached skill level 9 in Stealth
  7952 | D:4      | Noticed an ogre
  7955 | D:4      | Noticed Sigmund
  7983 | D:4      | Killed an ogre
  7984 | D:4      | Reached skill level 10 in Stealth
  8003 | D:4      | Noticed Menkaure
  8006 | D:4      | Killed Menkaure
  8007 | D:4      | Reached XP level 6. HP: 28/28 MP: 11/11
  8182 | D:4      | Noticed Blork the orc
  8188 | D:4      | Killed Blork the orc
  8234 | D:4      | Found an opulent altar of Gozag.
  8578 | D:4      | Found a shimmering blue altar of Sif Muna.
  8621 | D:4      | Killed Sigmund
  8622 | D:4      | Reached skill level 11 in Stealth
  8622 | D:4      | Reached XP level 7. HP: 32/32 MP: 5/14
  9437 | D:4      | Found a basalt altar of Yredelemnul.
 10018 | D:5      | Entered Level 5 of the Dungeon
 10519 | D:5      | Noticed Grinder
 11372 | D:5      | Slain by Grinder

Illustrated notes

Levels and vault maps discovered:
D:1:      evilmike_arrival_hilbert_curve, layout_basic, serial_forest,
          infiniplex_forest_clump_tiny, infiniplex_forest_join,
          infiniplex_forest_clump_long, infiniplex_forest_lined_corner,
          infiniplex_forest_lined_3, infiniplex_forest_end_1,
          infiniplex_forest_straight_2, fountainhead, serial_bayou_pond_c
D:2:      layout_loops_ring
D:3:      layout_basic, dk_noncrumbling_2
D:4:      layout_cave_pods, nicolae_gozag_cash_rules_everything_around_me,
          yredelemnul_forgotten_temple_becter, nicolae_overflow_crystal_walls,
          kennysheep_opposing_triangles, uniq_menkaure, uniq_sigmund,
          uniq_blork_the_orc
D:5:      layout_cave_pools, elyvilon_altar_1, temple_doors_cd,
          minmay_shop_damaged, grunt_decor_mini_mirrors,
          okawaru_altar_gauntlet_db, uniq_grinder

Skill      XL: |  1  2  3  4  5  6 |
---------------+-------------------+-----
Stealth        | 5 6 7 8 10 11 | 11.6
Spellcasting   | 3 4 |  4.2
Hexes          | 4 |  4.9
Short Blades   | |  1.1
Dodging        | |  3.0

Action                   |  1- 3 |  4- 6 |  7- 9 || total
-------------------------+-------+-------+-------++-------
Melee: Dagger            |   107 |   109 |    81 ||   297
 Cast: Ensorcelled Hiber |     8 |    30 |     2 ||    40
       Corona            |     1 |       |       ||     1
       Confusing Touch   |       |     1 |     7 ||     8
  Use: Potion            |     1 |     1 |       ||     2
 Stab: Sleeping          |    17 |    28 |     9 ||    54
       Confused          |       |     1 |     1 ||     2
Armor: Robe              |     7 |    19 |     3 ||    29
Dodge: Dodged            |    88 |   116 |    40 ||   244
